 Dungeon Crawl Stone Soup version 0.21.1-1-g345015f (webtiles) character file.

2786 diana the Carver (level 9, -1/81 HPs)
             Began as a Minotaur Fighter on June 3, 2018.
             Was an Initiate of Cheibriados.
             Slain by a two-headed ogre
             ... wielding a +0 giant spiked club
              (7 damage)
             ... on level 8 of the Dungeon.
             The game lasted 00:13:52 (5815 turns).

diana the Carver (Minotaur Fighter)                 Turns: 5815, Time: 00:13:53

Health: -1/81      AC: 12    Str: 25    XL:     9   Next: 43%
Magic:  8/8        EV:  8    Int:  6    God:    Cheibriados [......]
Gold:   311        SH: 11    Dex: 11    Spells: 8/8 levels left

rFire    . . .     SeeInvis +   a - +0 long sword
rCold    . . .     Gourm    .   c - +0 shield
rNeg     . . .     Faith    .   b - +0 scale mail
rPois    .         Spirit   .   l - +1 hat
rElec    .         Reflect  .   (no cloak)
rCorr    .         Harm     .   (no gloves)
MR       .....                  (no boots)
Stlth    ..........             (no amulet)
HPRegen  0.23/turn              z - +3 ring of protection
MPRegen  0.11/turn              e - ring of see invisible

@: very slow
A: retaliatory headbutt, horns 2
a: Bend Time, Renounce Religion


You were on level 8 of the Dungeon.
You worshipped Cheibriados.
Cheibriados was noncommittal.
You were near starving.

You visited 2 branches of the dungeon, and saw 9 of its levels.
You also visited: Sewer.

You collected 311 gold pieces.

Inventory:

Hand Weapons
 a - a +0 long sword (weapon)
Armour
 b - a +0 scale mail (worn)
 c - a +0 shield (worn)
 l - a +1 hat (worn)
Jewellery
 e - a ring of see invisible (right hand)
 v - an uncursed amulet of harm
 y - an uncursed ring of poison resistance
 z - a +3 ring of protection (left hand)
 C - an uncursed ring of ice
Wands
 B - a wand of flame (27)
 D - a wand of paralysis (11)
Scrolls
 d - a scroll of teleportation
 g - 2 scrolls of remove curse
 h - 4 scrolls of fog
 i - a scroll of identify
 m - 4 scrolls of enchant armour
 n - a scroll of blinking {unknown}
 p - a scroll of immolation {unknown}
 s - a scroll of random uselessness {unknown}
 w - a scroll of enchant weapon {unknown}
 E - a scroll of vulnerability {unknown}
Potions
 j - a potion of lignification {unknown}
 k - a potion of berserk rage {unknown}
 o - 2 potions of brilliance {unknown}
 q - a potion of agility {unknown}
 r - 2 potions of flight {unknown}
 t - a potion of mutation {unknown}
 u - a potion of degeneration {unknown}
 x - 2 potions of resistance {unknown}
 A - 2 potions of haste {unknown}
Comestibles
 f - 13 rations


   Skills:
 + Level 7.9 Fighting
 * Level 10.1 Long Blades
 + Level 7.8 Armour
 + Level 8.0 Shields


You had 8 spell levels left.
You didn't know any spells.

Dungeon Overview and Level Annotations

Branches:
Dungeon (8/15)             Temple (1/1) D:7
   Lair: D:8-11

Altars:
Ashenzari
Cheibriados
Fedhas
Hepliaklqana
Makhleb
Ru
Sif Muna
Trog
Uskayaw
Vehumet
Wu Jian
Zin
The Shining One

Shops:
D:5 %


Innate Abilities, Weirdness & Mutations

You reflexively headbutt those who attack you in melee.
You have a pair of horns on your head.


Message History

* * * LOW HITPOINT WARNING * * *
The two-headed ogre closely misses you.
You feel better. You block the bullfrog's attack.
Okay, then.
You hit the two-headed ogre. You headbutt the two-headed ogre!
The two-headed ogre is almost dead.
The two-headed ogre barely misses you. You block the two-headed ogre's attack.
The bullfrog barely misses you. You furiously retaliate!
You headbutt the bullfrog.
You riposte.
You barely miss the bullfrog. Your headbutt misses the bullfrog.
The bullfrog is lightly wounded.
You hit the two-headed ogre. You headbutt the two-headed ogre.
The two-headed ogre is almost dead.
The bullfrog closely misses you. You furiously retaliate!
You headbutt the bullfrog!
You riposte.
You closely miss the bullfrog.
The bullfrog is severely wounded.
The two-headed ogre hits you with a giant spiked club!
* * * LOW HITPOINT WARNING * * *
The two-headed ogre hits you with a giant spiked club!
You die...

### #.. ###.###
#.....# #.....#
#..@..# #..FO.#
#.....#####
##.#......#
#.#.####......#
#.#.# ......#
#.#.# ......#
....# ......#
../ ..!...#


You could see a two-headed ogre and a bullfrog.

Vanquished Creatures
  A hungry ghost (D:7)
  Duvessa (D:5)
  A sky beast (D:6)
  An ice beast (D:7)
  2 ogres
  6 centaurs
  A crocodile (Sewer)
  2 bullfrogs (D:6)
  Dowan (D:5)
  A water moccasin zombie (D:7)
  2 scorpions
  5 killer bees (D:4)
  3 howler monkeys (D:7)
  3 crimson imps (D:7)
  2 bullfrog zombies (D:6)
  3 hounds
  An orc priest (D:4)
  5 orc wizards
  A gnoll shaman (D:5)
  4 iguanas
  5 worker ants
  A killer bee zombie (D:7)
  A hound zombie (D:6)
  4 gnolls (D:5)
  10 adders
  A shadow imp (D:7)
  2 oozes (D:3)
  2 worms
  2 dart slugs (D:1)
  5 leopard geckos
  12 orcs
  11 bats
  5 giant cockroaches
  9 goblins
  6 hobgoblins
  13 jackals
  11 kobolds
  3 quokkas
  3 frilled lizards
  A leopard gecko skeleton (D:5)
  A leopard gecko zombie (D:7)
  7 rats
161 creatures vanquished.

Notes
Turn   | Place    | Note
-------+----------+-------------------------------------------
     0 | D:1      | diana the Minotaur Fighter began the quest for the Orb.
     0 | D:1      | Reached XP level 1. HP: 19/19 MP: 0/0
    90 | D:1      | Reached XP level 2. HP: 27/27 MP: 1/1
   239 | D:1      | Reached skill level 3 in Long Blades
   450 | D:2      | Reached XP level 3. HP: 33/33 MP: 2/2
   795 | D:2      | Reached XP level 4. HP: 32/40 MP: 3/3
  1068 | D:3      | Reached skill level 4 in Long Blades
  1616 | D:4      | Reached XP level 5. HP: 12/47 MP: 4/4
  1649 | D:4      | Reached skill level 5 in Long Blades
  1653 | D:4      | Reached skill level 5 in Fighting
  1653 | D:4      | Reached skill level 5 in Shields
  1653 | D:4      | Reached XP level 6. HP: 34/56 MP: 5/5
  1654 | D:4      | Reached skill level 5 in Armour
  1987 | D:4      | Found a bloodstained altar of Trog.
  2238 | D:4      | Reached skill level 6 in Long Blades
  2238 | D:4      | Reached XP level 7. HP: 61/61 MP: 6/6
  2444 | D:5      | Entered Level 5 of the Dungeon
  2746 | D:5      | Found a glowing drain.
  2852 | Sewer    | Entered a sewer
  3178 | D:5      | Reached skill level 7 in Long Blades
  3205 | D:5      | Noticed Duvessa
  3205 | D:5      | Noticed Dowan
  3217 | D:5      | Killed Duvessa
  3218 | D:5      | Killed Dowan
  3218 | D:5      | Reached XP level 8. HP: 35/70 MP: 7/7
  3375 | D:5      | Found Bupp's Food Shop.
  4148 | D:6      | Reached skill level 8 in Long Blades
  4479 | D:6      | Reached skill level 9 in Long Blades
  4753 | D:7      | Reached XP level 9. HP: 62/79 MP: 8/8
  5048 | D:7      | Found a staircase to the Ecumenical Temple.
  5129 | Temple   | Entered the Ecumenical Temple
  5149 | Temple   | Became a worshipper of Cheibriados the Contemplative
  5476 | D:7      | Reached skill level 10 in Long Blades
  5799 | D:8      | Noticed a two-headed ogre
  5815 | D:8      | Slain by a two-headed ogre

Skill      XL: |  1  2  3  4  5  6  7  8  9 |
---------------+----------------------------+-----
Long Blades    | 3 4 5 6 7 9 10 | 10.1
Fighting       | 4 5 6 7 |  7.9
Shields        | 4 5 6 7 8 |  8.0
Armour         | 4 5 6 7 |  7.8

Action                   |  1- 3 |  4- 6 |  7- 9 || total
-------------------------+-------+-------+-------++-------
Melee: Long sword        |    91 |   133 |   304 ||   528
       Headbutt          |    18 |    25 |    65 ||   108
  Use: Potion            |       |     5 |     1 ||     6
       Scroll            |       |       |     9 ||     9
  Eat: Chunk             |       |     5 |     7 ||    12
       Ration            |       |       |     2 ||     2
Armor: Scale mail        |    70 |    73 |   104 ||   247
Dodge: Dodged            |    52 |    53 |    82 ||   187
Block: Shield            |    77 |    94 |   143 ||   314
       Rpst.: Long sword |    14 |    23 |    21 ||    58
